 Dungeon Crawl Stone Soup version 0.20.1-1-g8b1a95d (webtiles) character file.

107 QuCean the Chopper (level 4, -7/36 HPs)
             Began as a Demonspawn Berserker on Oct 4, 2017.
             Was a Believer of Trog.
             Mangled by a gnoll
             ... wielding a +0 spear
              (10 damage)
             ... on level 2 of the Dungeon.
             The game lasted 00:06:47 (2278 turns).

QuCean the Chopper (Demonspawn Berserker)           Turns: 2278, Time: 00:06:47

Health: -7/36      AC:  2    Str: 18    XL:     4   Next: 57%
Magic:  4/4        EV: 12    Int:  8    God:    Trog [**....]
Gold:   109        SH:  0    Dex: 13    Spells: 3/3 levels left

rFire    . . .     SeeInvis .   j - +0 hand axe (flame)
rCold    . . .     Gourm    .   (no shield)
rNeg     . . .     Faith    .   b - +0 animal skin
rPois    .         Spirit   .   (no helmet)
rElec    .         Reflect  .   (no cloak)
rCorr    .         Harm     .   (no gloves)
MR       ++...                  (no boots)
Stlth    +.........             (no amulet)
Regen    1.2/turn               (no ring)
MPRegen  0.1/turn               (no ring)

@: regenerating
A: claws 2, rot immunity
a: Berserk, Trog's Hand, Burn Spellbooks, Renounce Religion


You were on level 2 of the Dungeon.
You worshipped Trog.
Trog was pleased with you.
You were not hungry.

You visited 1 branch of the dungeon, and saw 2 of its levels.

You collected 109 gold pieces.

Inventory:

Hand Weapons
 a - a +0 hand axe
 j - a +0 hand axe of flaming (weapon)
 k - a cursed -1 dagger
Armour
 b - a +0 animal skin (worn)
Jewellery
 d - a cursed -3 ring of slaying {unknown}
 e - an uncursed ring of flight {unknown}
Scrolls
 g - a scroll of teleportation
 h - a scroll of recharging {unknown}
 l - a scroll of identify {unknown}
Potions
 i - a potion of haste {unknown}
 m - a potion of invisibility {unknown}
 p - a potion of curing {unknown}
Comestibles
 c - 3 meat rations
 f - 8 fruits
 n - a bread ration


   Skills:
 + Level 3.6 Fighting
 + Level 4.0 Axes
 + Level 1.9 Armour
 + Level 2.3 Dodging
 + Level 0.4 Stealth


You had 3 spell levels left.
You didn't know any spells.

Dungeon Overview and Level Annotations

Branches:
Dungeon (2/15)

Altars:


Innate Abilities, Weirdness & Mutations

You have very sharp fingernails.
You are immune to rotting.


Message History

The gnoll hits you with a spear.
You hit the gnoll but do no damage.
The gnoll is heavily wounded.
The gnoll barely misses you. The gnoll hits you with a spear.
You hit the gnoll but do no damage.
The gnoll is heavily wounded.
The gnoll hits you with a spear!
* * * LOW HITPOINT WARNING * * *
You hit the gnoll. You burn the gnoll.
The gnoll is almost dead.
The gnoll hits you with a spear.
* * * LOW HITPOINT WARNING * * *
Your skin crawls.
You feel resistant to hostile enchantments.
You feel somewhat more hungry. The gnoll hits you with a spear.
* * * LOW HITPOINT WARNING * * *
You closely miss the gnoll.
The gnoll is almost dead.
The gnoll hits you with a spear!
You die...

##...)##....# #.......##..####
#.....)........#
#.......##..##.# ##.....##
..#.# ##### #......##.# #.#
....# #.......#.#.#.# .##.#
###g........#.#.#
.##.###########)@.......###.#.#
[...............#....(.## #.#.#
.#...##########(.)#...## #.#.#
......# #...()<......# #.#.#
#####.# #.####..##...####.#.###
# #.#####.####..##.............
# #.............##............#
# #.##.#######.#####.####.###.#
#####....# #.#####.####.# .#


You could see a gnoll.

Vanquished Creatures
  Terence (D:2)
  An adder (D:2)
  2 gnolls (D:2)
  An ooze (D:2)
  A worm (D:2)
  2 dart slugs (D:1)
  6 bats
  A giant cockroach (D:1)
  8 goblins (D:1)
  3 hobgoblins
  4 kobolds (D:2)
  A ball python (D:1)
  2 frilled lizards
  8 rats
41 creatures vanquished.

Notes
Turn   | Place    | Note
-------+----------+-------------------------------------------
     0 | D:1      | QuCean the Demonspawn Berserker began the quest for the Orb.
     0 | D:1      | Reached XP level 1. HP: 18/18 MP: 1/1
   313 | D:1      | Gained mutation: You are immune to rotting. [demonic ancestry]
   313 | D:1      | Reached XP level 2. HP: 24/24 MP: 2/2
   429 | D:1      | Reached skill level 3 in Axes
  1273 | D:1      | Gained mutation: You have sharp fingernails. [demonic ancestry]
  1273 | D:1      | Reached XP level 3. HP: 29/29 MP: 3/3
  1610 | D:2      | Noticed Terence
  1662 | D:2      | Killed Terence
  1662 | D:2      | Reached ** piety under Trog
  1828 | D:2      | Gained mutation: You have very sharp fingernails. [demonic ancestry]
  1828 | D:2      | Reached XP level 4. HP: 35/35 MP: 4/4
  2016 | D:2      | Reached skill level 4 in Axes
  2277 | D:2      | HP: 1/36 [gnoll/spear (4)]
  2278 | D:2      | Mangled by a gnoll

Skill      XL: |  1  2  3  4 |
---------------+-------------+-----
Dodging        | 2 |  2.3
Axes           | 3 4 |  4.0
Fighting       | |  3.6
Armour         | |  1.9
Stealth        | |  0.4

Action                   |  1- 3 |  4- 6 || total
-------------------------+-------+-------++-------
Melee: Hand axe          |    65 |    37 ||   102
Invok: Trog's Hand       |     1 |     1 ||     2
       Berserk           |     1 |       ||     1
  Use: Scroll            |     2 |       ||     2
 Stab: Sleeping          |     1 |       ||     1
  Eat: Chunk             |     3 |       ||     3
       Bread ration      |       |     1 ||     1
       Fruit             |       |     1 ||     1
Armor: Animal skin       |    21 |     1 ||    22
Dodge: Dodged            |    45 |    17 ||    62
